 Dungeon Crawl Stone Soup version 0.29.1-1-gd02db6906a (webtiles) character file.

Game seed: 4378720207612234856

13712 lonewolfV2 the Carver (level 11, -12/97 HPs)
             Began as a Minotaur Fighter on Oct 16, 2022.
             Was an Elder of Okawaru.
             Mangled by an orc warrior
             ... wielding a +0 short sword
              (14 damage)
             ... on level 2 of the Orcish Mines.
             The game lasted 00:40:24 (20244 turns).

lonewolfV2 the Carver (Minotaur Fighter)           Turns: 20244, Time: 00:40:25

Health: -12/97     AC:  9    Str: 24    XL:     11   Next: 79%
Magic:  3/3        EV: 17    Int:  5    God:    Okawaru [****..]
Gold:   964        SH:  6    Dex: 13    Spells: 10/10 levels left

rFire   . . .      SeeInvis .   G - +11 mace of Terra Cotta {antimagic, Will+ rCorr Str+2}
rCold   . . .      Faith    .   c - +0 buckler
rNeg    + . .      Spirit   .   b - +1 scale mail
rPois   .          Reflect  .   (helmet restricted)
rElec   .          Harm     .   (no cloak)
rCorr   +          Rampage  .   (no gloves)
Will    +....                   (no boots)
Stlth   +.........              A - amulet of regeneration
HPRegen 1.06/turn               i - ring of positive energy
MPRegen 0.08/turn               m - +4 ring of evasion

@: about to teleport
A: horns 2, retaliatory headbutt
a: Renounce Religion, Heroism, Finesse


You were on level 2 of the Orcish Mines.
You worshipped Okawaru.
Okawaru was greatly pleased with you.
You visited 4 branches of the dungeon, and saw 16 of its levels.

You collected 964 gold pieces.

Inventory:

Hand Weapons
 z - a +1 vampiric demon blade
 G - the +11 mace of Terra Cotta (weapon) {antimagic, Will+ rCorr Str+2}
   (You found it on level 12 of the Dungeon)

   It reduces the magical energy of the wielder, and disrupts the spells and
   magical abilities of those it strikes.
   Natural abilities and divine invocations are not affected.
   Str:       It affects your strength (+2).
   rCorr:     It protects you from acid and corrosion.
   Will:      It increases your willpower.
Missiles
 w - 9 boomerangs
 x - 2 throwing nets
Armour
 b - a +1 scale mail (worn)
 c - a +0 buckler (worn)
Jewellery
 i - a ring of positive energy (left hand)
 m - a +4 ring of evasion (right hand)
 o - an amulet of the acrobat
 A - an amulet of regeneration (around neck)
 E - a ring of fire
 I - a ring of ice
Wands
 a - a wand of roots (7)
 k - a wand of digging (9)
 u - a wand of light (8)
 v - a wand of paralysis (6) (quivered)
 F - a wand of polymorph (14)
Scrolls
 e - 2 scrolls of amnesia
 t - 3 scrolls of butterflies
 B - 2 scrolls of teleportation
 H - a scroll of fear
Potions
 d - 2 potions of magic
 f - 2 potions of degeneration
 g - 3 potions of curing
 h - 3 potions of brilliance
 j - 2 potions of mutation
 l - a potion of attraction {unknown}
 n - a potion of heal wounds
 p - a potion of invisibility {unknown}
 r - a potion of ambrosia {unknown}
 s - 3 potions of flight
 C - a potion of cancellation {unknown}
 D - 2 potions of might


   Skills:
 * Level 9.4 Fighting
 - Level 13.8 Long Blades
 - Level 3.8(4.6) Axes
 * Level 4.0(4.7) Maces & Flails
 + Level 10.6 Armour
 * Level 7.4 Dodging
 + Level 1.9 Stealth
 + Level 8.2 Shields
 + Level 0.3 Unarmed Combat
 + Level 0.6 Invocations
 + Level 0.3 Evocations


You had 10 spell levels left.
You didn't know any spells.
Your spell library contained the following spells:

 Spells                   Type           Power      Damage    Failure   Level
 Beastly Appendage        Tmut           0%         N/A       80%         1
 Necrotise                Necr           0%         1d4       80%         1
 Wereblood                Tmut           0%         N/A       90%         2
 Conjure Flame            Conj/Fire      0%         6-21      99%         3
 Dazzling Flash           Conj/Hex       0%         N/A       99%         3
 Ignite Poison            Fire/Tmut/Pois 0%         N/A       99%         3
 Inner Flame              Hex/Fire       0%         N/A       99%         3
 Spider Form              Tmut/Pois      0%         N/A       99%         3
 Vampiric Draining        Necr           0%         2d6       99%         3
 Cause Fear               Hex            0%         N/A       100%        4
 Iskenderun's Mystic Bla  Conj/Tloc      0%         2d3       100%        4
 Sticky Flame             Conj/Fire      0%         2d3       100%        4
 Agony                    Necr           0%         N/A       100%        5
 Starburst                Conj/Fire      0%         6d3       100%        6
 Discord                  Hex            0%         N/A       100%        8


Dungeon Overview and Level Annotations

Branches:
Dungeon (12/15)            Temple (1/1) D:7            Lair (1/5) D:10
    Orc (1/2) D:9

Altars:
Ashenzari
Cheibriados
Gozag
Kikubaaqudgha
Makhleb
Nemelex Xobeh
Okawaru
Qazlal
Ru
Uskayaw
Vehumet
Wu Jian
Yredelemnul
Zin

Shops:
D:2 !   D:3 [   Orc:2 =(?:

Portals:
Ice
Cave: Lair:1


Innate Abilities, Weirdness & Mutations

You have a pair of horns on your head.
You reflexively headbutt those who attack you in melee.


Message History

You block the orc warrior's attack.
As you read the scroll of teleportation, it crumbles to dust.
You feel strangely unstable. The orc high priest barely misses you.
An orc knight comes into view. It is wielding a +3 long sword.
The orc knight roars a battlecry!
The orc knight goes into a battle-frenzy!
The orc warrior hits you from afar with a +0 glaive!
The orc warrior misses you. You furiously retaliate!
You headbutt the orc warrior, but do no damage.
You block the orc warrior's attack. The orc high priest closely misses you.
You block the orc warrior's attack.
You hear a shout!
You hit the orc high priest.
Your headbutt misses the orc high priest.
The orc high priest is lightly wounded.
The orc warrior misses you. You furiously retaliate!
You headbutt the orc warrior. The orc warrior barely misses you. x2
The orc high priest barely misses you. The orc warrior misses you.
You block the orc warrior's attack. The orc warrior completely misses you.
The orc high priest hits you with a +0 trident!
You sock the orc high priest!
The orc high priest is heavily wounded.
The orc high priest barely misses you. You block the orc warrior's attack.
The orc warrior hits you from afar with a +0 halberd!!
The orc warrior closely misses you. You furiously retaliate!
You headbutt the orc warrior, but do no damage.
You block the orc priest's attack.
The orc warrior hits you from afar with a +0 glaive!
* * * LOW HITPOINT WARNING * * *
The orc high priest hits you but does no damage.
You block the orc warrior's attack. The orc warrior barely misses you.
The orc warrior closely misses you.
The orc high priest hits you but does no damage.
The orc warrior hits you with a +0 morningstar!
* * * LOW HITPOINT WARNING * * *
The orc warrior barely misses you.
The orc knight roars a battlecry!
The orcs go into a battle-frenzy!
The orc warrior hits you with a +0 short sword!
You die... ##### # ∩#∩## #∩ ..∩ ###o#o### #.ooo@oo# #..#ooo#..# ..ooooo

o#
#...#o.o#o
.# #..
....... #
.. o#o..#
.. .
.......
...
...#...#
..#


You could see 4 orc knights, 3 orc high priests, 10 orc warriors and 4 orc
priests.

Vanquished Creatures
  Fannar (D:12)
  A two-headed ogre (D:10)
  Sonja (D:12)
  Lodul (D:12)
  Pikel (D:6)
  2 manticores
  An unseen horror (D:11)
  A komodo dragon (D:11)
  3 trolls
  Grinder (D:4)
  Sigmund (D:4)
  4 shadows
  15 yaks
  2 wraiths (D:10)
  A wyvern (D:10)
  9 vampire mosquitoes
  2 two-headed ogre zombies (D:9)
  An acid dragon (D:10)
  A water moccasin (D:5)
  A black bear (D:6)
  3 orc warriors
  A centaur (D:9)
  7 ogres
  2 kobold brigands (D:7)
  4 bullfrogs
  3 gnoll sergeants
  2 scorpions
  3 wights (D:10)
  A troll zombie (D:9)
  4 killer bees (D:8)
  2 electric eels (D:10)
  A howler monkey (D:10)
  12 hounds
  3 jellies
  5 orc priests
  3 iguanas
  Jessica (D:2)
  12 orc wizards
  Natasha (thrice) (D:2)
  5 ogre zombies (D:9)
  22 gnolls
  5 adders
  13 white imps
  2 ufetubi
  3 worms (D:2)
  2 dart slugs
  36 orcs
  8 ball pythons
  12 endoplasms
  5 giant cockroaches
  3 goblins
  9 hobgoblins
  4 jackals (D:2)
  7 quokkas
  2 bats
  4 frilled lizards
  A goblin skeleton (D:9)
  4 goblin zombies (D:9)
  A hobgoblin skeleton (D:9)
  4 hobgoblin zombies (D:9)
  16 kobolds
  4 orc skeletons (D:9)
  11 orc zombies (D:9)
  9 rats
314 creatures vanquished.

Vanquished Creatures (others)
  3 plants
3 creatures vanquished.

Grand Total: 317 creatures vanquished

Notes
Turn   | Place    | Note
-------+----------+-------------------------------------------
     0 | D:1      | lonewolfV2 the Minotaur Fighter began the quest for the
                  | Orb.
     0 | D:1      | Reached XP level 1. HP: 19/19 MP: 0/0
   115 | D:1      | Reached XP level 2. HP: 27/27 MP: 1/1
   169 | D:1      | Found a faded altar of an unknown god.
   831 | D:1      | Reached XP level 3. HP: 32/33 MP: 2/2
  1157 | D:2      | Reached skill level 3 in Long Blades
  1664 | D:2      | Noticed Natasha
  1673 | D:2      | Killed Natasha
  1674 | D:2      | Reached XP level 4. HP: 29/41 MP: 3/3
  1800 | D:2      | Noticed Natasha
  1808 | D:2      | Killed Natasha
  1809 | D:2      | Reached skill level 1 in Dodging
  1813 | D:2      | Noticed Natasha
  1820 | D:2      | Killed Natasha
  2166 | D:2      | Reached XP level 5. HP: 46/47 MP: 4/4
  2179 | D:2      | Found a hide-covered altar of Uskayaw.
  2210 | D:2      | Noticed Jessica
  2214 | D:2      | Found Bidwuvvu's Distillery.
  2224 | D:2      | Reached skill level 4 in Long Blades
  2233 | D:2      | Killed Jessica
  3484 | D:3      | Found Zilah's Antique Armour Emporium.
  4602 | D:3      | Reached skill level 5 in Armour
  4606 | D:3      | HP: 1/47 [gnoll/+0 spear (2)]
  4616 | D:3      | Reached XP level 6. HP: 4/53 MP: 5/5
  5127 | D:4      | Reached skill level 5 in Long Blades
  5264 | D:4      | Noticed Sigmund
  5422 | D:4      | Reached skill level 5 in Fighting
  5437 | D:4      | Reached XP level 7. HP: 45/61 MP: 6/6
  5767 | D:4      | Noticed Grinder
  5767 | D:4      | Paralysed by Grinder for 2 turns
  5783 | D:4      | Paralysed by Grinder for 3 turns
  5787 | D:4      | Killed Grinder
  5788 | D:4      | Reached skill level 6 in Long Blades
  5788 | D:4      | Reached skill level 5 in Shields
  6315 | D:4      | Killed Sigmund
  6604 | D:5      | Entered Level 5 of the Dungeon
  6615 | D:5      | Reached XP level 8. HP: 36/69 MP: 7/7
  7231 | D:5      | Reached skill level 7 in Long Blades
  8993 | D:6      | Noticed Pikel
  9007 | D:6      | Killed Pikel
  9008 | D:6      | Reached skill level 8 in Long Blades
  9008 | D:6      | Reached skill level 1 in Stealth
  9181 | D:6      | Identified the +2 spear "Xuntirewk" {speed, rC+ rN+}
  9227 | D:6      | Reached XP level 9. HP: 78/78 MP: 8/8
  9818 | D:7      | Reached skill level 1 in Axes
 10297 | D:7      | Found a staircase to the Ecumenical Temple.
 10304 | Temple   | Entered the Ecumenical Temple
 10448 | Temple   | Became a worshipper of Warmaster Okawaru
 10858 | D:7      | Identified a scroll of acquirement
 10858 | D:7      | Acquired a +1 vampiric demon blade
 11133 | D:8      | Reached skill level 9 in Long Blades
 11815 | D:8      | Reached * piety under Okawaru
 12142 | D:8      | Found an ornate altar of the Wu Jian Council.
 12143 | D:8      | Found a stormy altar of Qazlal.
 12242 | D:9      | Found a staircase to the Orcish Mines.
 12268 | D:9      | Reached skill level 10 in Long Blades
 12282 | D:9      | Reached XP level 10. HP: 60/86 MP: 9/9
 12952 | D:9      | Reached skill level 5 in Dodging
 12958 | D:9      | Reached ** piety under Okawaru
 13456 | D:9      | Reached skill level 11 in Long Blades
 13822 | D:10     | Entered Level 10 of the Dungeon
 13984 | D:10     | Reached skill level 12 in Long Blades
 13984 | D:10     | Noticed a two-headed ogre
 13985 | D:10     | Reached *** piety under Okawaru
 14010 | D:10     | Killed a two-headed ogre
 14245 | D:10     | Found a staircase to the Lair.
 15383 | Lair:1   | Entered Level 1 of the Lair of Beasts
 15409 | Lair:1   | Found a frozen archway.
 16499 | D:11     | Reached XP level 11. HP: 11/95 MP: 10/10
 16502 | D:11     | HP: 4/95 [something (8)]
 16518 | D:11     | HP: 3/95 [something (2)]
 17082 | D:11     | Reached **** piety under Okawaru
 17426 | D:11     | Reached skill level 13 in Long Blades
 17426 | D:11     | Reached skill level 10 in Armour
 17632 | D:11     | Received a gift from Okawaru
 18354 | D:12     | Noticed Sonja
 18383 | D:12     | Killed Sonja
 18565 | D:12     | Identified the +11 mace of Terra Cotta {antimagic, Will+
                  | rCorr Str+2}
 18753 | D:12     | Noticed Fannar
 18775 | D:12     | Killed Fannar
 18776 | D:12     | Reached skill level 1 in Maces & Flails
 18828 | D:12     | Noticed Lodul
 18857 | D:12     | Killed Lodul
 18857 | D:12     | Reached ***** piety under Okawaru
 19041 | D:12     | Found a glowing silver altar of Zin.
 20237 | Orc:1    | Entered Level 1 of the Orcish Mines
 20239 | Orc:1    | You fall into a shaft and drop 1 floor!
 20239 | Orc:2    | Entered Level 2 of the Orcish Mines
 20239 | Orc:2    | Noticed an orc high priest
 20239 | Orc:2    | Noticed an orc high priest
 20239 | Orc:2    | Noticed an orc knight
 20239 | Orc:2    | Noticed an orc high priest
 20239 | Orc:2    | Found Meugutyuti's Book Boutique.
 20239 | Orc:2    | Found Gevagrach's Jewellery Boutique.
 20239 | Orc:2    | Found Alefi's Magic Scroll Shop.
 20239 | Orc:2    | Found Dilaonen's Weapon Boutique.
 20240 | Orc:2    | Noticed an orc high priest
 20241 | Orc:2    | Noticed an orc knight
 20241 | Orc:2    | Noticed an orc knight
 20242 | Orc:2    | Noticed an orc knight
 20244 | Orc:2    | HP: 2/97 [orc warrior/+0 morningstar (13)]
 20244 | Orc:2    | Mangled by an orc warrior

Illustrated notes

Levels and vault maps discovered:
D:1:      lightli_arrival_farm, layout_basic, ebering_ecumenical_altar_box
D:2:      layout_basic, serial_shops, nicolae_shop_trees, basic_altar,
          serial_forest, infiniplex_forest_diagonal, infiniplex_forest_fountain,
          infiniplex_forest_diagonal, infiniplex_forest_3_way,
          infiniplex_forest_side_room, infiniplex_forest_straight_2,
          infiniplex_forest_join, kennysheep_generic_room_9, uniq_jessica,
          uniq_natasha
D:3:      layout_basic, serial_shops, nicolae_lakefront_shop,
          minmay_misc_feat_room
D:4:      layout_cave_pools, serial_column_ruins, column_ruins_corridor_corner,
          column_ruins_columns_straight, column_ruins_columns_straight,
          column_ruins_corridor_straight, column_ruins_columns_straight,
          column_ruins_open_tiny, column_ruins_open_tiny, moated_statue,
          uniq_sigmund, uniq_grinder
D:5:      layout_loops_ring, hangedman_decor_growths
D:6:      layout_cave_pools, uniq_pikel
D:7:      layout_basic, minmay_temple_entry_hall
D:8:      layout_basic, gammafunk_temple_overflow_statue
D:9:      layout_basic, zombieorc2_lemuel
D:10:     layout_basic, erik_lair_island, corexii_hall_statues_s
D:11:     layout_rooms, due_unseen_surprise
D:12:     layout_layer_cave, zin_academy, uniq_sonja, uniq_lodul, uniq_fannar
Temple:   mainiacjoe_temple_cubbyholes
Lair:1:   layout_loops_ring, portal_ice_cave_entry_imps, serial_bayou_shore_b
Orc:1:    layout_caves, basic_altar, nicolae_orc_crystal_geode
Orc:2:    st_orc_pillars, layout_caves, serial_shops, nicolae_shop_stone

Skill      XL: |  1  2  3  4  5  6  7  8  9 10 11 |
---------------+----------------------------------+-----
Shields        | 4 5 6 7 8 |  8.2
Armour         | 4 5 6 7 8 9 10 | 10.6
Fighting       | 4 5 6 7 8 9 |  9.4
Long Blades    | 3 4 5 6 8 10 12 13 | 13.8
Dodging        | 1 2 3 4 6 7 |  7.4
Stealth        | 1 |  1.9
Axes           | 3 |  3.8
Maces & Flails | 4 |  4.0
Unarmed Combat | |  0.3
Invocations    | |  0.6
Evocations     | |  0.3

Action                   |  1- 3 |  4- 6 |  7- 9 | 10-12 || total
-------------------------+-------+-------+-------+-------++-------
Melee: Long sword        |    90 |   139 |   219 |       ||   448
       Headbutt          |    15 |    18 |    63 |    98 ||   194
       Demon blade       |       |       |    96 |   414 ||   510
       Hand axe          |       |       |    43 |       ||    43
       Mace              |       |       |       |    66 ||    66
       Unarmed           |       |       |       |    11 ||    11
Invok: Heroism           |       |       |       |     2 ||     2
       Finesse           |       |       |       |     1 ||     1
Evoke: Wand              |       |       |       |    10 ||    10
  Use: Scroll            |     4 |     7 |     4 |     6 ||    21
       Potion            |       |     2 |     4 |     8 ||    14
 Stab: Paralysed         |       |       |       |     4 ||     4
Armor: Scale mail        |    46 |    72 |   102 |   113 ||   333
       Skin              |       |       |       |     7 ||     7
Dodge: Dodged            |    46 |   125 |   245 |   439 ||   855
Block: Buckler           |    40 |    50 |   102 |   156 ||   348
